 Dungeon Crawl Stone Soup version 0.19.5 (webtiles) character file.

137 GreatBrownShark the Ogre Mage (level 5, -8/50 HPs)
             Began as an Ogre Ice Elementalist on Apr 23, 2017.
             Mangled by a slave (9 damage)
             ... led by Pikel
             ... on level 3 of the Dungeon.
             The game lasted 00:10:01 (3184 turns).

GreatBrownShark the Ogre Mage (OgIE)                Turns: 3184, Time: 00:10:02

Health: -8/50      AC:  3    Str: 13    XL:     5   Next: 20%
Magic:  5/10       EV: 10    Int: 15    God:
Gold:   122        SH:  0    Dex: 10    Spells: 2 memorised, 6 levels left

rFire  . . .     SeeInvis .     e - +0 dagger (speed)
rCold  . . .     Gourm    .     a - +0 robe
rNeg   . . .     Faith    .     (no shield)
rPois  .         Spirit   .     (helmet restricted)
rElec  .         Reflect  .     (no cloak)
rCorr  .         Harm     .     (gloves unavailable)
MR     .....                    (boots unavailable)
Stlth  ++........               (no amulet)
                                (no ring)
                                (no ring)

@: lethally poisoned (-8 -> -11)
A: unfitting armour, tough skin 1
a: no special abilities


You were on level 3 of the Dungeon.
You were hungry.

You visited 1 branch of the dungeon, and saw 4 of its levels.

You collected 122 gold pieces.

Inventory:

Hand Weapons
 e - a +0 dagger of speed (weapon)
 h - a +0 hunting sling
Missiles
 g - 36 sling bullets
 j - 150 stones (quivered)
Armour
 a - a +0 robe (worn)
Jewellery
 i - an uncursed ring of poison resistance {unknown}
Scrolls
 d - a scroll of identify
 k - a scroll of teleportation
 l - 2 scrolls of fear
 p - a scroll of blinking {unknown}
 t - a scroll of remove curse {unknown}
Potions
 o - a potion of haste {unknown}
 q - a potion of cure mutation
 r - a potion of heal wounds {unknown}
 s - a potion of mutation {unknown}
 u - a potion of curing {unknown}
Books
 b - a book of Frost

   Spells                             Type                      Level
   a - Freeze                         Ice                          1
   b - Throw Frost                    Conjuration/Ice              2
   c - Ozocubu's Armour               Charms/Ice                   3
   d - Throw Icicle                   Conjuration/Ice              4
   e - Summon Ice Beast               Ice/Summoning                4
 m - a book of Cantrips

   Spells                             Type                      Level
   a - Confusing Touch                Hexes                        1
   b - Animate Skeleton               Necromancy                   1
   c - Summon Small Mammal            Summoning                    1
   d - Apportation                    Translocation                1
Comestibles
 c - 3 bread rations
 f - 3 slices of pizza
 n - a meat ration


   Skills:
 + Level 2.7 Fighting
 - Level 1.7 Dodging
 - Level 1.4 Stealth
 + Level 3.4 Spellcasting
   Level 0.6 Conjurations
 * Level 3.4 Ice Magic


You had 6 spell levels left.
You knew the following spells:

 Your Spells              Type           Power        Failure   Level  Hunger
a - Freeze                Ice            ##..         6%          1    None
b - Ozocubu's Armour      Chrm/Ice       #.......     30%         3    ###....


Dungeon Overview and Level Annotations

Branches:
Dungeon (4/15)
 Temple: D:4-7

Altars:
Makhleb
Xom

Annotations:
D:3 ReniFell's ghost, amateur FoFi
D:4 Dowan; Duvessa; Pikel


Innate Abilities, Weirdness & Mutations

You are too large for most types of armour.
You have tough skin. (AC +1)


Message History

The slave hits you!
* * * LOW HITPOINT WARNING * * *
Casting: Freeze
Confirm with . or Enter, or press ? or * to list all spells.
Aiming: Freeze
Press: ? - help, Shift-Dir - straight line, f/p - slave
Aim: a slave, wearing an animal skin (lightly wounded)
You freeze the slave.
The slave is lightly wounded.
* * * LOW HITPOINT WARNING * * *
You feel sick. The slave barely misses you.
Casting: Freeze
Confirm with . or Enter, or press ? or * to list all spells.
Aiming: Freeze
Press: ? - help, Shift-Dir - straight line, f/p - slave
Aim: a slave, wearing an animal skin (lightly wounded)
You freeze the slave.
The slave is moderately wounded.
The slave hits you!
You die...

#...# ### ##)## #...###
########.. #..# #...#..
.......... #.##
#...#.###########... #.#
#...#.............## #.#
#...#.............'. #.#
#...#.............## #.#
#.#...#.############## #.#
#.'..@p>.............. #.#
###$..########......##
#.#### #...# #......##
#....# ##### #......##
#....# #......## #....#
#......## #....# #......##
#....# ############......+.
#....###.................##


You could see a slave.

Vanquished Creatures
  A crimson imp (D:3)
  A hound (D:4)
  2 adders
  An ooze (D:1)
  A worm (D:3)
  A dart slug (D:1)
  A leopard gecko (D:3)
  4 orcs
  4 bats
  3 giant cockroaches
  6 hobgoblins
  A quokka (D:4)
  A frilled lizard (D:1)
  5 goblins
  5 kobolds
  6 rats
43 creatures vanquished.

Notes
Turn   | Place    | Note
-------+----------+-------------------------------------------
     0 | D:1      | GreatBrownShark the Ogre Ice Elementalist began the quest for the Orb.
     0 | D:1      | Reached XP level 1. HP: 16/16 MP: 3/3
   333 | D:1      | Reached skill level 1 in Fighting
   333 | D:1      | Reached XP level 2. HP: 17/27 MP: 0/5
   821 | D:1      | Reached XP level 3. HP: 33/33 MP: 5/7
   839 | D:1      | Learned a level 3 spell: Ozocubu's Armour
  1777 | D:3      | Found a shimmering altar of Xom.
  1777 | D:3      | Found a burning altar of Makhleb.
  1782 | D:3      | Reached XP level 4. HP: 35/44 MP: 3/8
  1992 | D:3      | Noticed ReniFell's ghost (amateur FoFi)
  2610 | D:4      | Reached XP level 5. HP: 38/50 MP: 4/10
  2753 | D:4      | Noticed Duvessa
  2753 | D:4      | Noticed Dowan
  2807 | D:3      | HP: 1/50 [orc/mace (2)]
  3131 | D:4      | Noticed a slave
  3132 | D:4      | Noticed a slave
  3154 | D:4      | Noticed Pikel
  3182 | D:3      | HP: 2/50 [slave[Pikel] (9)]
  3184 | D:3      | Mangled by a slave

Skill      XL: |  1  2  3 |
---------------+----------+-----
Fighting       | 1 2 |  2.7
Spellcasting   | 3 |  3.4
Ice Magic      | 3 |  3.4
Dodging        | |  1.7
Stealth        | |  1.4
Conjurations   | |  0.6

Action                   |  1- 3 |  4- 6 || total
-------------------------+-------+-------++-------
Melee: Unarmed           |    31 |       ||    31
       Dagger            |    24 |    17 ||    41
 Cast: Freeze            |    42 |    28 ||    70
  Use: Scroll            |     4 |     1 ||     5
       Potion            |       |     1 ||     1
  Eat: Chunk             |     3 |     4 ||     7
Armor: Robe              |    32 |    12 ||    44
Dodge: Dodged            |    43 |    34 ||    77
